 Dungeon Crawl Stone Soup version 0.31.0-11-ge490571c62 (webtiles) character file.

Game seed: 3008251983476422063

87 nicanaca0 the Cudgeller (level 4, -1/28 HPs)
             Began as a Gargoyle Fighter on Jan 26, 2024.
             Slain by an ogre
             ... wielding a +0 giant club
              (16 damage)
             ... on level 4 of the Dungeon.
             The game lasted 00:02:56 (2029 turns).

nicanaca0 the Cudgeller (Gargoyle Fighter)          Turns: 2029, Time: 00:02:56

Health: -1/28      AC: 11    Str: 19    XL:     4   Next: 51%
Magic:  4/4        EV:  9    Int:  9    God:
Gold:   95         SH:  4    Dex: 11    Spells: 3/3 levels left

rFire   . . .        q - +1 short sword (venom)
rCold   . . .        c - +0 buckler
rNeg    + . .        b - +0 scale mail
rPois   ∞            f - +0 helmet
rElec   +            (no cloak)
rCorr   .            (no gloves)
SInv    .            (no boots)
Will    .....        (no amulet) Stlth
                     (no ring)
HPRegen 0.24/turn    (no ring)
MPRegen 0.09/turn

%: no passive effects
@: no status effects
A: sickness immunity, AC +3, negative energy resistance 1, electricity
resistance, torment resistance 1, petrification resistance
a: no special abilities


You were on level 4 of the Dungeon.
You visited 1 branch of the dungeon, and saw 5 of its levels.

You collected 95 gold pieces.

Inventory:

Hand Weapons
 a - a +0 flail
 q - a +1 short sword of venom (weapon)
Armour
 b - a +0 scale mail (worn)
 c - a +0 buckler (worn)
 f - a +0 helmet (worn)
Jewellery
 i - a ring of wizardry
 k - a ring of flight
Scrolls
 e - 4 scrolls of identify {unknown}
 g - 4 scrolls of amnesia {unknown}
 h - 2 scrolls of enchant weapon {unknown}
 l - 2 scrolls of immolation {unknown}
 m - a scroll of brand weapon {unknown}
 p - a scroll of teleportation {unknown}
Potions
 d - a potion of curing {unknown}
 j - a potion of brilliance {unknown}
 n - 2 potions of heal wounds {unknown}


   Skills:
 - Level 3.2 Fighting
 * Level 4.6 Maces & Flails
 - Level 3.2 Armour
 - Level 3.2 Shields


You had 3 spell levels left.
You didn't know any spells.
Your spell library contained the following spells:

 Spells                   Type           Power      Damage    Failure   Level
 Slow                     Hex            0%         N/A       83%         1
 Confusing Touch          Hex            0%         N/A       99%         3
 Sigil of Binding         Hex            0%         N/A       99%         3
 Vampiric Draining        Necr           0%         2d6       99%         3


Dungeon Overview and Level Annotations

Branches:
Dungeon (5/15)
 Temple: D:4-7

Altars:
Okawaru


Innate Abilities, Weirdness & Mutations

You are immune to sickness and miasma.
Your stone body is resilient. (AC +3)
You are immune to poison.
You resist negative energy. (rN+)
You are resistant to electric shocks. (rElec)
You are resistant to unholy torment.
You are immune to petrification.


Message History

The ogre shouts!
An ogre is nearby!
Found 19 gold pieces.
The ogre hits you with a +0 giant club!
An ogre is nearby!
You are too injured to fight recklessly!
An ogre is nearby!
You are too injured to fight recklessly!
An ogre is nearby!
Okay, then.
Okay, then.
Aiming: Iceblast
Press: ? - help, Shift-Dir - straight line, f - ogre
Aim: an ogre, wielding a +0 giant club The mass of ice explodes!
The iceblast engulfs the ogre!
The ogre is heavily wounded.
The now-empty wand crumbles to dust.
The ogre closely misses you. The ogre attacks as it pursues you!
The ogre closely misses you.
You aren't carrying any items that you can evoke.
You aren't carrying any items that you can evoke.
You have nothing you can fire or use right now.
Unknown command.
Unknown command.
Unknown command.
There is a stone staircase leading up here.
You climb upwards.
Found a sling.
There is a stone staircase leading down here.
You start waiting.
Done waiting.
You climb downwards.
The ogre barely misses you.
There is a stone staircase leading up here.
You completely miss the ogre.
The ogre is lightly wounded.
The ogre hits you with a +0 giant club!
You hit the ogre.
The ogre is poisoned.
The ogre is lightly wounded.
The ogre hits you with a +0 giant club!
Ouch! That really hurt!
You die...

##..... ........ ##...... #
#......# .....). #...#.##......#
#..#.# ...... .#...#.##......#
#....# ..... .#.............#
#..#.# #†... .#...#.#.......#
#....# #...#
.#...#.#.......####....# #..##
.....#.##..#####@##..#.# #.##
.................O...#.# #.#
.......................######.###
..##.............##..............
.......#####.###.##..#...#.###.##
..##...# #.# #.##..#...### ####
.......# #.# #.##..#...# ..##...#
#.# #.##..#.#.8.
.........$..................


You could see an ogre (very poisoned).

Vanquished Creatures
  2 adders (D:2)
  4 dart slugs
  3 ribbon worms
  9 ball pythons
  3 bats
  4 endoplasms
  3 giant cockroaches
  6 goblins
  4 hobgoblins
  7 kobolds
  3 quokkas
  2 frilled lizards (D:1)
  A rat (D:1)
51 creatures vanquished.

Notes
Turn   | Place    | Note
-------+----------+-------------------------------------------
     0 | D:1      | nicanaca0 the Gargoyle Fighter began the quest for the Orb.
     0 | D:1      | Reached XP level 1. HP: 14/14 MP: 1/1
   194 | D:1      | Reached XP level 2. HP: 16/19 MP: 2/2
   372 | D:1      | Reached skill level 3 in Maces & Flails
   619 | D:1      | Reached XP level 3. HP: 20/23 MP: 3/3
  1362 | D:2      | Reached skill level 4 in Maces & Flails
  1431 | D:2      | Reached XP level 4. HP: 28/28 MP: 4/4
  1804 | D:3      | You fall into a shaft and drop 2 floors!
  1804 | D:5      | Entered Level 5 of the Dungeon
  1868 | D:4      | Found an iron altar of Okawaru.
  1886 | D:4      | Noticed an ogre
  2029 | D:4      | Slain by an ogre

Illustrated notes

Levels and vault maps discovered:
D:1:      ncdulo_wetmaze, layout_loops_corners
D:2:      layout_loops_ring, minmay_liquid_box
D:3:      layout_basic, nicolae_shop_unique_rings, uniq_terence
D:4:      layout_basic, minitemple, minmay_pentangle
D:5:      layout_basic, demons_altar, nicolae_overflow_crystal_walls,
          nicolae_gozag_cash_rules_everything_around_me

Skill      XL: |  1  2  3 |
---------------+----------+-----
Maces & Flails | 3 4 |  4.6
Fighting       | |  3.2
Armour         | |  3.2
Shields        | |  3.2

Action                     |  1- 3 |  4- 6 || total
---------------------------+-------+-------++-------
  Melee: Flail             |    95 |    31 ||   126
         Short sword       |       |    27 ||    27
  Throw: Stone             |    27 |     5 ||    32
  Evoke: Wand              |       |     1 ||     1
    Use: Potion            |     1 |       ||     1
 Armour: Scale mail        |    68 |    42 ||   110
  Dodge: Dodged            |    56 |    20 ||    76
  Block: Buckler           |    18 |    13 ||    31
